 Dungeon Crawl Stone Soup version bcrawl-1.19.2-6-g6a88ae04c9 (webtiles) character file.

Game seed: 7717953063344780684

109 MisterOstroum the Poker (level 4, -3/30 HPs)
             Began as a Skeleton Abyssal Knight on Dec 17, 2019.
             Was a Priest of Lugonu.
             Slain by Purgy (4 damage)
             ... in a sewer.
             The game lasted 00:05:41 (3260 turns).

MisterOstroum the Poker (Skeleton Abyssal Knight)   Turns: 3260, Time: 00:05:42

Health: -3/30      AC:  6    Str: 19 (20) XL:     4   Next: 60%
Magic:  0/5        EV:  8    Int: 10      God:    Lugonu [***...]
Gold:   181        SH:  7    Dex:  8      Spells: 3/3 levels left

rFire    . . .     SeeInvis .   b - +0 trident (venom)
rCold    + . .     Gourm    .   l - +0 shield
rNeg     + + +     Faith    .   j - +0 ring mail
rPois    ∞         Spirit   +   i - +0 helmet
rElec    .         Reflect  .   (no cloak)
rCorr    .         Harm     .   (no gloves)
MR       .....                  (no boots)
Stlth    +.........             (no amulet)
HPRegen  0.10/turn              (no ring)
MPRegen  0.09/turn              (no ring)

@: no status effects
A: no food or potions, cold resistance 1, deterioration 1, negative energy
resistance 3, torment resistance, unbreathing, magic shield, sturdy frame 1,
spell healing
a: Depart the Abyss, Bend Space, Banish, Renounce Religion


You were in a sewer.
You worshipped Lugonu.
Lugonu was most pleased with you.
You were not hungry.

You visited 1 branch of the dungeon, and saw 3 of its levels.
You visited the Abyss 1 time.
You also visited: Sewer.

You collected 181 gold pieces.

Inventory:

Hand Weapons
 a - a +1 spear
 b - a +0 trident of venom (weapon)
Missiles
 d - 430 sling bullets
 e - 859 stones (quivered)
Armour
 i - a +0 helmet (worn)
 j - a +0 ring mail (worn)
 l - a +0 shield (worn)
Scrolls
 c - 3 scrolls of remove curse
 f - a scroll of enchant weapon {unknown}
 g - 2 scrolls of amnesia {unknown}
 h - a scroll of identify {unknown}
 k - a scroll of teleportation {unknown}


   Skills:
 * Level 4.3 Fighting
 * Level 4.5 Polearms
 - Level 2.1 Armour
 - Level 1.0 Dodging
 + Level 0.0 Shields
 - Level 1.7 Invocations


You had 3 spell levels left.
You didn't know any spells.
Your spell library was empty.

Dungeon Overview and Level Annotations

Branches:
Dungeon (3/12)

Altars:
Elyvilon
Fedhas
Lugonu
Sif Muna

Annotations:
Sewer Purgy


Innate Abilities, Weirdness & Mutations

You do not eat or drink.
You are immune to poison.
Your flesh is cold resistant. (rC+)
Your body sometimes deteriorates upon taking damage.
You are immune to negative energy. (rN+++)
You are immune to unholy pain and torment.
You can survive without breathing.
When hurt, damage is shared between your health and your magic reserves.
Your movements are slightly less encumbered by armour. (ER -2)
Casting spells heals you.


Message History

You enter the shallow water.
Moving in this stuff is going to be slow.
You closely miss the frilled lizard. You block the frilled lizard's attack.
You hit the frilled lizard.
You kill the frilled lizard!
Lugonu accepts your kill.
Lugonu is aiding your Translocation magic.
Lugonu imbues your non-magical melee attacks with distortion.
No target in view!
No target in view!
No target in view!
No target in view!
No target in view!
No target in view!
No target in view!
No target in view!
No target in view!
No target in view!
No target in view!
No target in view!
No target in view!
You enter the shallow water.
Moving in this stuff is going to be slow.
You enter the shallow water.
Moving in this stuff is going to be slow.
Purgy the Meek comes into view.
Unknown command.
You can't drink.
Unknown command.
Evoke which item? (* to show all) (? for menu, Esc to quit)
Okay, then.
Press: ? - help, Shift-Dir - straight line, f - Purgy
Aim: Purgy (chance to defeat MR: 86%)
Okay, then.
Okay, then.
Unknown command.
Okay, then.
Press: ? - help, Shift-Dir - straight line, f - Purgy
Aim: Purgy (chance to defeat MR: 86%)
Okay, then.
Press: ? - help, Shift-Dir - straight line, f - Purgy
Aim: Purgy (chance to defeat MR: 86%)
You fail to use your ability.
Press: ? - help, Shift-Dir - straight line, f/p - Purgy
Aim: Purgy (chance to defeat MR: 86%)
You fail to use your ability.
Press: ? - help, Shift-Dir - straight line, f/p - Purgy
Aim: Purgy (chance to defeat MR: 86%)
You fail to use your ability.
Purgy bites you but does no damage. Purgy claws you but does no damage.
Purgy claws you.
You hit Purgy.
Purgy is lightly wounded.
Purgy bites you. You block Purgy's attack. Purgy claws you.
You miss Purgy. You block Purgy's attack. x2
Purgy claws you but does no damage. Purgy barely misses you.
Purgy claws you but does no damage. x2
You closely miss Purgy. Purgy barely misses you. You block Purgy's attack.
Purgy claws you.
You miss Purgy. Purgy bites you but does no damage. You block Purgy's attack.
Purgy closely misses you.
You can't drink.
Unknown command.
As you read the scroll labeled LISHRU RO BIT, it crumbles to dust.
You feel as if something is helping you.
It was a scroll of remove curse.
You block Purgy's attack. x2
Purgy barely misses you.
You hit Purgy.
Purgy is poisoned.
Purgy is lightly wounded.
Purgy bites you but does no damage. Purgy claws you. You block Purgy's attack.
Unknown command.
Unknown command.
Unknown command.
You barely miss Purgy.
Purgy is lightly wounded.
You block Purgy's attack. Purgy claws you but does no damage. x2
You barely miss Purgy.
Purgy is lightly wounded.
Purgy bites you but does no damage. You block Purgy's attack. Purgy claws you.
You hit Purgy.
Purgy looks more poisoned.
Purgy is moderately wounded.
Purgy bites you! Purgy claws you but does no damage. You block Purgy's attack.
You closely miss Purgy.
Purgy is moderately wounded.
Purgy bites you.
* * * LOW HITPOINT WARNING * * *
Purgy claws you but does no damage. Purgy completely misses you.
Purgy bites you.
* * * LOW HITPOINT WARNING * * *
Purgy claws you.
* * * LOW HITPOINT WARNING * * *
Purgy closely misses you.
Unknown command.
You hit Purgy.
Purgy looks more poisoned.
Purgy is severely wounded.
Purgy bites you!
* * * LOW HITPOINT WARNING * * *
Your body deteriorates!
You feel weakened. Purgy claws you but does no damage. Purgy claws you.
You die...

#.≈≈≈≈≈≈≈≈≈
##≈≈≈≈≈≈≈≈# #≈
#≈≈≈≈≈≈≈≈≈# #.
##.≈≈≈≈≈≈≈≈# #.
##.≈≈≈≈≈≈≈≈≈# #.
#.≈≈≈≈≈≈≈≈≈≈# #≈
##.≈≈≈≈≈≈≈≈≈≈
#≈####.≈≈≈≈≈≈≈≈≈≈≈
###≈#@##≈≈≈≈≈≈≈≈≈#≈#
#.≈≈T≈≈≈≈≈≈≈≈≈≈≈##
≈≈≈≈≈≈≈≈≈≈≈≈≈≈≈≈≈≈##
≈≈≈≈≈≈≈≈≈≈≈≈≈≈≈≈≈≈#
≈≈≈≈≈≈≈≈≈≈≈≈≈≈≈≈###
≈≈≈≈≈≈≈≈≈≈≈≈≈≈≈≈#
≈≈≈≈≈≈≈≈≈≈≈≈≈≈≈##
≈≈≈≈≈≈≈≈≈≈≈≈≈≈##
≈≈≈≈≈≈≈≈≈≈≈≈≈##


You could see Purgy.

Vanquished Creatures
  2 adders
  2 worms (D:1)
  5 dart slugs
  2 leopard geckos
  3 orcs (D:2)
  2 ball pythons
  7 giant cockroaches
  7 goblins
  5 hobgoblins
  13 kobolds
  A quokka (D:1)
  9 bats
  7 frilled lizards
  5 rats
70 creatures vanquished.

Notes
Turn   | Place    | Note
-------+----------+-------------------------------------------
     0 | Abyss:1  | MisterOstroum the Skeleton Abyssal Knight began the quest
                  | for the Orb.
     0 | Abyss:1  | Reached XP level 1. HP: 14/14 MP: 2/2
    23 | Abyss:1  | Found a transporter.
    61 | D:1      | Escaped the Abyss
   212 | D:1      | Reached XP level 2. HP: 14/19 MP: 3/3
   435 | D:1      | Reached ** piety under Lugonu
   807 | D:1      | Reached XP level 3. HP: 15/23 MP: 2/4
  2048 | D:2      | Found a white marble altar of Elyvilon.
  2267 | D:2      | Reached XP level 4. HP: 21/29 MP: 2/5
  2633 | D:2      | Found a corrupted altar of Lugonu.
  2678 | D:2      | Found a blossoming altar of Fedhas.
  2918 | D:2      | Found a shimmering blue altar of Sif Muna.
  3140 | D:3      | Found a glowing drain.
  3180 | Sewer    | Entered a sewer
  3238 | Sewer    | Reached *** piety under Lugonu
  3245 | Sewer    | Noticed Purgy
  3260 | Sewer    | HP: 1/30 [Purgy (6)]
  3260 | Sewer    | Slain by Purgy

Skill      XL: |  1  2  3 |
---------------+----------+-----
Polearms       | 3 4 |  4.5
Fighting       | 4 |  4.3
Armour         | |  2.1
Dodging        | |  1.0
Invocations    | |  1.7

Action                   |  1- 3 |  4- 6 || total
-------------------------+-------+-------++-------
Melee: Spear             |   192 |    11 ||   203
       Trident           |       |    85 ||    85
Throw: Stone             |     2 |     7 ||     9
  Use: Scroll            |       |     1 ||     1
 Stab: Sleeping          |     1 |       ||     1
Armor: Leather armour    |    33 |       ||    33
       Ring mail         |     7 |    37 ||    44
Dodge: Dodged            |    76 |    58 ||   134
Block: Shield            |       |    12 ||    12
